| TOP OF THE 1ST |
|
New York Mets batting - Pitching for Philadelphia Phillies : RHP James Woods Jr.
|
|
Pitching: RHP James Woods Jr.
|
|
|
Batting: RHB Finn Ross
|
0-0: Called Strike 0-1: Ball 1-1: Foul Ball, location: 2F 1-2: Ball 2-2: Strikes out swinging
|
|
Batting: LHB Kevin Bellman
|
0-0: Ball 1-0: DOUBLE (Line Drive, 89M, EV 103.1 MPH)
|
|
Batting: SHB Sean Cook
|
0-0: Ball 1-0: Ball 2-0: Swinging Strike 2-1: Ball 3-1: Base on Balls
|
|
Batting: SHB Nelle van den Berg
|
0-0: Called Strike 0-1: Fly out, F9 (Line Drive, 9S, EV 93.8 MPH)
|
|
Batting: SHB Roberto Magne
|
0-0: Ground out 3-1 (Groundball, 34, EV 102.5 MPH)
|
| Top of the 1st over - 0 runs, 1 hit, 0 errors, 2 left on base; New York 0 - Philadelphia 0 |
| BOTTOM OF THE 1ST |
|
Philadelphia Phillies batting - Pitching for New York Mets : RHP Apostolos Tsatsos
|
|
Pitching: RHP Apostolos Tsatsos
|
|
|
Batting: SHB Lance Franklin
|
0-0: Ball 1-0: Ball 2-0: SINGLE (Flyball, 3D, EV 90.6 MPH)
|
|
Batting: RHB Chef Belew
|
0-0: Swinging Strike 0-1: Called Strike 0-2: Hit by Pitch Lance Franklin to second
|
|
Batting: LHB Osamu Kubo
|
0-0: Called Strike 0-1: Fly out, F7 (Line Drive, 78S, EV 95.0 MPH)
|
|
Batting: LHB Ryan Trombley
|
0-0: Called Strike 0-1: Ball 1-1: Ball 2-1: Ball 3-1: Called Strike 3-2: Base on Balls Lance Franklin to third Chef Belew to second
|
|
Batting: LHB Nick Canizales
|
0-0: Called Strike 0-1: Called Strike 0-2: Ball 1-2: Foul Ball, location: 2F 1-2: SINGLE (Line Drive, 3D, EV 93.8 MPH) Lance Franklin scores Chef Belew to third Ryan Trombley to second
|
|
Batting: SHB Phuck II
|
0-0: Called Strike 0-1: Called Strike 0-2: Ball 1-2: Ball 2-2: Ball 3-2: Base on Balls Chef Belew scores Ryan Trombley to third Nick Canizales to second
|
|
Batting: LHB Cody Schumacher
|
0-0: Ball 1-0: Foul Ball, location: 2F 1-1: Fly out, F7 (Flyball, 78S, EV 86.9 MPH)
|
|
Batting: LHB Mike Davis
|
0-0: Ball 1-0: Ball 2-0: GRAND SLAM HOME RUN (Flyball, 78XD, EV 101.9 MPH), Distance : 400 ft
|
|
Batting: LHB Jim Beaver
|
0-0: Called Strike 0-1: Ball 1-1: Ball 2-1: Foul Ball, location: 2F 2-2: Ball 3-2: Foul Ball, location: 2F 3-2: Strikes out swinging
|
| Bottom of the 1st over - 6 runs, 3 hits, 0 errors, 0 left on base; New York 0 - Philadelphia 6 |
| TOP OF THE 2ND |
|
New York Mets batting - Pitching for Philadelphia Phillies : RHP James Woods Jr.
|
|
Batting: RHB Drtian Thaqi
|
0-0: Ball 1-0: Ball 2-0: Ball 3-0: DOUBLE (Line Drive, 7LS, EV 105.6 MPH)
|
|
Batting: SHB Javy Rosa
|
0-0: Ball 1-0: Ball 2-0: Foul Ball, location: 2F 2-1: Swinging Strike 2-2: Strikes out swinging
|
|
Batting: LHB Fabiano Perrolas
|
0-0: Called Strike 0-1: Ball 1-1: Swinging Strike 1-2: Ball 2-2: Ball 3-2: Base on Balls
|
|
Batting: RHB Billy Walker
|
0-0: Ball 1-0: Ball 2-0: Ball 3-0: Called Strike 3-1: Ground out 5-3 (Groundball, 56S, EV 71.2 MPH) Drtian Thaqi to third Fabiano Perrolas to second
|
|
Batting: RHB Finn Ross
|
0-0: Ball 1-0: Called Strike 1-1: Foul Ball, location: 2F 1-2: Ball 2-2: Hit by Pitch
|
|
Batting: LHB Kevin Bellman
|
0-0: SINGLE (Line Drive, 34D, EV 95.6 MPH) Drtian Thaqi scores Fabiano Perrolas to third Finn Ross to second Runner from 3rd tries for Home, throw by RF and OUT! 9-2
|
| Top of the 2nd over - 1 run, 2 hits, 0 errors, 2 left on base; New York 1 - Philadelphia 6 |
| BOTTOM OF THE 2ND |
|
Philadelphia Phillies batting - Pitching for New York Mets : RHP Apostolos Tsatsos
|
|
Batting: SHB Lance Franklin
|
0-0: SOLO HOME RUN (Flyball, 7LD, EV 98.1 MPH), Distance : 373 ft
|
|
Pitching: RHP Marc Maniu
|
|
|
Batting: RHB Chef Belew
|
0-0: Called Strike 0-1: Ball 1-1: Called Strike 1-2: Ball 2-2: Ball 3-2: Foul Ball, location: 2F 3-2: Strikes out swinging
|
|
Batting: LHB Osamu Kubo
|
0-0: Ball 1-0: Called Strike 1-1: Swinging Strike 1-2: Ball 2-2: Ball 3-2: Strikes out swinging, 2-3 out at first.
|
|
Batting: LHB Ryan Trombley
|
0-0: SINGLE (Line Drive, 89S, EV 100.0 MPH)
|
|
Batting: LHB Nick Canizales
|
0-0: Ball 1-0: Called Strike 1-1: SINGLE (Flyball, 34D, EV 81.2 MPH) Ryan Trombley to second Runner from 2nd tries for 3rd, SAFE, throw by RF made to third
|
|
Batting: SHB Phuck II
|
0-0: Ball 1-0: Ball 2-0: Called Strike 2-1: Fly out, F9 (Line Drive, 9LS, EV 105.0 MPH)
|
| Bottom of the 2nd over - 1 run, 3 hits, 0 errors, 2 left on base; New York 1 - Philadelphia 7 |
| TOP OF THE 3RD |
|
New York Mets batting - Pitching for Philadelphia Phillies : RHP James Woods Jr.
|
|
Batting: SHB Sean Cook
|
0-0: Ball 1-0: Foul Ball, location: 2F 1-1: Called Strike 1-2: Ground out 6-3 (Groundball, 6, EV 108.8 MPH)
|
|
Batting: SHB Nelle van den Berg
|
0-0: Ball 1-0: Ball 2-0: Ball 3-0: Called Strike 3-1: Ground out 4-3 (Groundball, 4, EV 80.0 MPH)
|
|
Batting: SHB Roberto Magne
|
0-0: Ball 1-0: Called Strike 1-1: Called Strike 1-2: Ground out U3 (Groundball, 34S, EV 84.4 MPH)
|
| Top of the 3rd over - 0 runs, 0 hits, 0 errors, 0 left on base; New York 1 - Philadelphia 7 |
| BOTTOM OF THE 3RD |
|
Philadelphia Phillies batting - Pitching for New York Mets : RHP Marc Maniu
|
|
Batting: LHB Cody Schumacher
|
0-0: Called Strike 0-1: Ground out 4-3 (Groundball, 4, EV 85.0 MPH)
|
|
Batting: LHB Mike Davis
|
0-0: Ball 1-0: Ball 2-0: Ball 3-0: Base on Balls
|
|
Batting: LHB Jim Beaver
|
0-0: Ball 1-0: Ball 2-0: Foul Ball, location: 2F 2-1: 2-RUN HOME RUN (Flyball, 89XD, EV 108.8 MPH), Distance : 412 ft
|
|
Batting: SHB Lance Franklin
|
0-0: Ball 1-0: SINGLE (Flyball, 8LS, EV 93.1 MPH)
|
|
Batting: RHB Chef Belew
|
0-0: Foul Ball, location: 2F 0-1: Ball 1-1: Foul Ball, location: 2F 1-2: Ball 2-2: Fly out, F7 (Line Drive, 7, EV 98.8 MPH)
|
|
Batting: LHB Osamu Kubo
|
0-0: Called Strike 0-1: Ground out 3-1 (Groundball, 13, EV 88.1 MPH)
|
| Bottom of the 3rd over - 2 runs, 2 hits, 0 errors, 1 left on base; New York 1 - Philadelphia 9 |
| TOP OF THE 4TH |
|
New York Mets batting - Pitching for Philadelphia Phillies : RHP James Woods Jr.
|
|
Batting: RHB Drtian Thaqi
|
0-0: Called Strike 0-1: Ball 1-1: Ball 2-1: Foul Ball, location: 2F 2-2: Foul Ball, location: 2F 2-2: Ground out 1-3 (Groundball, 13S, EV 67.5 MPH)
|
|
Batting: SHB Javy Rosa
|
0-0: Ball 1-0: Ground out 6-3 (Groundball, 6M, EV 105.6 MPH)
|
|
Batting: LHB Fabiano Perrolas
|
0-0: Ball 1-0: Ball 2-0: Ball 3-0: Base on Balls
|
|
Batting: RHB Billy Walker
|
0-0: Ball 1-0: Ball 2-0: Called Strike 2-1: DOUBLE (Line Drive, 9LM, EV 101.2 MPH) Fabiano Perrolas to third Runner from 3rd tries for Home, SAFE, throw by RF to home
|
|
Batting: RHB Finn Ross
|
0-0: Called Strike 0-1: Called Strike 0-2: Ball 1-2: Ball 2-2: Ball 3-2: Base on Balls
|
|
Batting: LHB Kevin Bellman
|
0-0: Swinging Strike 0-1: Ball 1-1: Ball 2-1: Swinging Strike 2-2: Strikes out looking
|
| Top of the 4th over - 1 run, 1 hit, 0 errors, 2 left on base; New York 2 - Philadelphia 9 |
| BOTTOM OF THE 4TH |
|
Philadelphia Phillies batting - Pitching for New York Mets : RHP Marc Maniu
|
|
Batting: LHB Ryan Trombley
|
0-0: Ground out 5-3 (Groundball, 56, EV 90.0 MPH)
|
|
Batting: LHB Nick Canizales
|
0-0: Ball 1-0: Called Strike 1-1: Ground out 4-3 (Groundball, 13, EV 85.6 MPH)
|
|
Batting: SHB Phuck II
|
0-0: Ball 1-0: Called Strike 1-1: Called Strike 1-2: Ball 2-2: Strikes out swinging
|
| Bottom of the 4th over - 0 runs, 0 hits, 0 errors, 0 left on base; New York 2 - Philadelphia 9 |
| TOP OF THE 5TH |
|
New York Mets batting - Pitching for Philadelphia Phillies : RHP James Woods Jr.
|
|
Batting: SHB Sean Cook
|
0-0: Called Strike 0-1: Foul Ball, location: 2F 0-2: Ball 1-2: Ball 2-2: Ball 3-2: Strikes out swinging, 2-3 out at first.
|
|
Batting: SHB Nelle van den Berg
|
0-0: Called Strike 0-1: Ball 1-1: Foul Ball, location: 2F 1-2: Ball 2-2: Strikes out swinging
|
|
Batting: SHB Roberto Magne
|
0-0: Ball 1-0: Fly out, F8 (Flyball, 89M, EV 87.5 MPH)
|
| Top of the 5th over - 0 runs, 0 hits, 0 errors, 0 left on base; New York 2 - Philadelphia 9 |
| BOTTOM OF THE 5TH |
|
Philadelphia Phillies batting - Pitching for New York Mets : RHP Marc Maniu
|
|
Batting: LHB Cody Schumacher
|
0-0: Foul Ball, location: 2F 0-1: Ball 1-1: Ball 2-1: SINGLE (Line Drive, 34D, EV 95.6 MPH)
|
|
Pitching: RHP Casey Cuomo
|
|
|
Batting: LHB Mike Davis
|
0-0: Called Strike 0-1: Fielders Choice at 2nd, 6-4 (Groundball, 6M, EV 83.8 MPH)
|
|
Batting: LHB Jim Beaver
|
0-0: Called Strike 0-1: Foul Ball, location: 2F 0-2: Ball 1-2: Strikes out swinging
|
|
Batting: SHB Lance Franklin
|
0-0: Ball 1-0: Ball 2-0: Called Strike 2-1: Ball 3-1: Called Strike 3-2: Foul Ball, location: 2F 3-2: SINGLE (Line Drive, 78S, EV 91.9 MPH) Mike Davis to second Mike Davis to third
|
|
Batting: RHB Chef Belew
|
0-0: Ball 1-0: Ball 2-0: Swinging Strike 2-1: Swinging Strike 2-2: Strikes out swinging
|
| Bottom of the 5th over - 0 runs, 2 hits, 0 errors, 2 left on base; New York 2 - Philadelphia 9 |
| TOP OF THE 6TH |
|
New York Mets batting - Pitching for Philadelphia Phillies : RHP James Woods Jr.
|
|
Batting: RHB Drtian Thaqi
|
0-0: Called Strike 0-1: Called Strike 0-2: Strikes out looking
|
|
Batting: SHB Javy Rosa
|
0-0: Ball 1-0: Fly out, F9 (Flyball, 89S, EV 86.9 MPH)
|
|
Batting: LHB Fabiano Perrolas
|
0-0: Fly out, F7 (Flyball, 78M, EV 90.6 MPH)
|
| Top of the 6th over - 0 runs, 0 hits, 0 errors, 0 left on base; New York 2 - Philadelphia 9 |
| BOTTOM OF THE 6TH |
|
Philadelphia Phillies batting - Pitching for New York Mets : RHP Casey Cuomo
|
|
Batting: LHB Osamu Kubo
|
0-0: Ball 1-0: Ball 2-0: Foul Ball, location: 2F 2-1: Swinging Strike 2-2: Ball 3-2: Base on Balls
|
|
Batting: LHB Ryan Trombley
|
0-0: Ball 1-0: Foul Ball, location: 2F 1-1: Swinging Strike 1-2: Ball 2-2: Strikes out swinging
|
|
Batting: LHB Nick Canizales
|
0-0: Ball 1-0: Called Strike 1-1: Foul Ball, location: 2F 1-2: Ball 2-2: Ball 3-2: Base on Balls Osamu Kubo to second
|
|
Pitching: LHP Chris Thurner
|
|
|
Batting: SHB Phuck II
|
0-0: Ball 1-0: Ball 2-0: Called Strike 2-1: Swinging Strike 2-2: Foul Ball, location: 2F 2-2: Foul Ball, location: 2F 2-2: Grounds into double play, 5-4-3 (Groundball, 5S, EV 91.2 MPH)
|
| Bottom of the 6th over - 0 runs, 0 hits, 0 errors, 1 left on base; New York 2 - Philadelphia 9 |
| TOP OF THE 7TH |
|
New York Mets batting - Pitching for Philadelphia Phillies : RHP James Woods Jr.
|
|
Batting: RHB Billy Walker
|
0-0: Ball 1-0: Foul Ball, location: 2F 1-1: Called Strike 1-2: Foul Ball, location: 2F 1-2: Ground out 6-3 (Groundball, 6, EV 94.4 MPH)
|
|
Batting: RHB Finn Ross
|
0-0: Called Strike 0-1: Ground out 6-3 (Groundball, 6MD, EV 90.0 MPH)
|
|
Batting: LHB Kevin Bellman
|
0-0: Called Strike 0-1: Foul Ball, location: 2F 0-2: Ball 1-2: Foul Ball, location: 2F 1-2: Ball 2-2: Strikes out swinging
|
| Top of the 7th over - 0 runs, 0 hits, 0 errors, 0 left on base; New York 2 - Philadelphia 9 |
| BOTTOM OF THE 7TH |
|
Philadelphia Phillies batting - Pitching for New York Mets : LHP Chris Thurner
|
|
Pinch Hitting: LHB Danny Hill
|
0-0: Ball 1-0: Foul Ball, location: 2F 1-1: Ball 2-1: Foul Ball, location: 2F 2-2: Ground out 6-3 (Groundball, 4M, EV 86.9 MPH)
|
|
Batting: LHB Mike Davis
|
0-0: SINGLE (Groundball, 34D, EV 98.1 MPH)
|
|
Batting: LHB Jim Beaver
|
0-0: Foul Ball, location: 2F 0-1: SINGLE (Groundball, 4MD, EV 109.4 MPH) Mike Davis to second
|
|
Batting: SHB Lance Franklin
|
0-0: Ball 1-0: Ball 2-0: Foul Ball, location: 2F 2-1: Called Strike 2-2: Strikes out looking
|
|
Batting: RHB Chef Belew
|
0-0: Called Strike 0-1: Ball 1-1: Swinging Strike 1-2: Strikes out swinging
|
| Bottom of the 7th over - 0 runs, 2 hits, 0 errors, 2 left on base; New York 2 - Philadelphia 9 |
| TOP OF THE 8TH |
|
New York Mets batting - Pitching for Philadelphia Phillies : RHP James Woods Jr.
|
|
Pitching: RHP David LaBounty
|
|
|
Now in CF: Ryan Trombley
|
|
|
Now in RF: Danny Hill
|
|
|
Batting: SHB Sean Cook
|
0-0: Ball 1-0: Ball 2-0: Swinging Strike 2-1: Ball 3-1: Base on Balls
|
|
Batting: SHB Nelle van den Berg
|
0-0: Swinging Strike 0-1: Ball 1-1: Called Strike 1-2: Strikes out swinging
|
|
Batting: SHB Roberto Magne
|
0-0: Ball 1-0: Called Strike 1-1: Ball 2-1: Swinging Strike 2-2: Foul Ball, location: 2F 2-2: Foul Ball, location: 2F 2-2: Strikes out swinging
|
|
Batting: RHB Drtian Thaqi
|
0-0: Swinging Strike 0-1: Foul Ball, location: 2F 0-2: Strikes out looking
|
| Top of the 8th over - 0 runs, 0 hits, 0 errors, 1 left on base; New York 2 - Philadelphia 9 |
| BOTTOM OF THE 8TH |
|
Philadelphia Phillies batting - Pitching for New York Mets : LHP Chris Thurner
|
|
Batting: LHB Osamu Kubo
|
0-0: Called Strike 0-1: Ball 1-1: Ball 2-1: Ball 3-1: Base on Balls
|
|
Pitching: LHP Steve Kelly
|
|
|
Batting: LHB Ryan Trombley
|
0-0: Ball 1-0: Foul Ball, location: 2F 1-1: Ball 2-1: Called Strike 2-2: Fielders Choice at 2nd, 3-6 (Groundball, 34S, EV 90.6 MPH)
|
|
Batting: LHB Nick Canizales
|
0-0: SINGLE (Groundball, 4MS, EV 68.8 MPH) (infield hit) Ryan Trombley to second
|
|
Pinch Hitting: RHB Chris Pounds
|
0-0: Ball 1-0: Foul Ball, location: 2F 1-1: Ball 2-1: Foul Ball, location: 2F 2-2: Foul Ball, location: 2F 2-2: Foul Ball, location: 2F 2-2: Foul Ball, location: 2F 2-2: Foul Ball, location: 2F 2-2: Ball 3-2: Base on Balls Ryan Trombley to third Nick Canizales to second
|
|
Batting: LHB Danny Hill
|
0-0: Called Strike 0-1: Ball 1-1: Ball 2-1: Fly out, F8 (Flyball, 8LS, EV 90.0 MPH)
|
|
Batting: LHB Mike Davis
|
0-0: Ball 1-0: Foul Ball, location: 2F 1-1: Ball 2-1: Foul Ball, location: 2F 2-2: Strikes out swinging
|
| Bottom of the 8th over - 0 runs, 1 hit, 0 errors, 3 left on base; New York 2 - Philadelphia 9 |
| TOP OF THE 9TH |
|
New York Mets batting - Pitching for Philadelphia Phillies : RHP David LaBounty
|
|
Now at 1B: Chris Pounds
|
|
|
Batting: SHB Javy Rosa
|
0-0: Called Strike 0-1: Fly out, F7 (Flyball, 78S, EV 81.2 MPH)
|
|
Batting: LHB Fabiano Perrolas
|
0-0: Ball 1-0: Ball 2-0: Foul Ball, location: 2F 2-1: Foul Ball, location: 2F 2-2: SINGLE (Groundball, 56D, EV 98.8 MPH)
|
|
Batting: RHB Billy Walker
|
0-0: Called Strike 0-1: Ball 1-1: Ball 2-1: Fly out, F9 (Flyball, 89M, EV 85.6 MPH)
|
|
Batting: RHB Finn Ross
|
0-0: Ball 1-0: Swinging Strike 1-1: Called Strike 1-2: Foul Ball, location: 2F 1-2: Strikes out swinging
|
| Top of the 9th over - 0 runs, 1 hit, 0 errors, 1 left on base; New York 2 - Philadelphia 9 |
|